 Dungeon Crawl Stone Soup version 0.19-a0-934-gf1df8d1 (webtiles) character file.

51 HenryFlower the Ruffian (level 3, -1/36 HPs)
             Began as a Troll Berserker on July 7, 2016.
             Was a Believer of Trog.
             Slain by Sigmund
             ... wielding a +0 scythe
              (14 damage)
             ... on level 3 of the Dungeon.
             The game lasted 00:02:13 (1549 turns).

HenryFlower the Ruffian (Troll Berserker)           Turns: 1549, Time: 00:02:13

Health: -1/36      AC:  5    Str: 25    XL:     3   Next: 57%
Magic:  2/2        EV: 10    Int:  3    God:    Trog [**....]
Gold:   87         SH:  0    Dex: 10    Spells: 0 memorised, 2 levels left

rFire  . . .     SeeInvis .       - Unarmed
rCold  . . .     Gourm    +     a - +0 animal skin
rNeg   . . .     Faith    .     (no shield)
rPois  .         Spirit   .     (helmet restricted)
rElec  .         Dismiss  .     (no cloak)
rCorr  .         Reflect  .     (gloves unavailable)
SustAt .         Harm     .     (boots unavailable)
MR     .....                    (no amulet)
Stlth  +.........               (no ring)
                                (no ring)

@: exhausted, slowed, very slow, not resistant to hostile enchantments, very
unstealthy
A: unfitting armour, claws 3, fast metabolism 3, gourmand, regeneration 2,
shaggy fur 1, tough skin 2
a: Berserk, Trog's Hand, Burn Spellbooks, Renounce Religion


You were on level 3 of the Dungeon.
You worshipped Trog.
Trog was pleased with you.
You were very full.

You visited 1 branch of the dungeon, and saw 3 of its levels.

You collected 87 gold pieces.

Inventory:

Armour
 a - a +0 animal skin (worn)
Jewellery
 d - an uncursed ring of stealth {unknown}
Scrolls
 h - 2 scrolls of remove curse {unknown}
 i - a scroll of recharging {unknown}
 m - a scroll of amnesia {unknown}
 n - a scroll of enchant weapon {unknown}
 o - a scroll of teleportation {unknown}
Potions
 c - a potion of lignification {unknown}
 e - a potion of curing
 f - a potion of ambrosia {unknown}
 g - a potion of might {unknown}
 k - a potion of brilliance {unknown}
 l - a potion of agility {unknown}
 p - a potion of cure mutation {unknown}
Comestibles
 b - 4 bread rations
 j - 7 fruits
 q - a chunk of flesh


   Skills:
 - Level 2.4 Fighting
 - Level 2.4 Dodging
 + Level 4.6 Unarmed Combat


You had 2 spell levels left.
You didn't know any spells.

Dungeon Overview and Level Annotations

Branches:
Dungeon (3/15)

Altars:
Hepliaklqana
Okawaru

Annotations:
D:3 Sigmund


Innate Abilities, Weirdness & Mutations

You are too large for most types of armour.
You have claws for hands.
Your metabolism is lightning-fast.
You like to eat raw meat.
You heal very quickly.
You are covered in fur. (AC +1)
You have very tough skin. (AC +2)


Message History

It was a potion of curing.
You feel better.
The ball python bites you but does no damage.
Something hits you!
* * * LOW HITPOINT WARNING * * *
Unknown command.
You feel better. The ball python barely misses you.
Something hits you but does no damage. The ball python completely misses you.
Unknown command.
Unknown command.
You claw the ball python!
You kill the ball python!
Trog accepts your kill. Something hits you.
* * * LOW HITPOINT WARNING * * *
Unknown command.
You feel better. Something hits you!
* * * LOW HITPOINT WARNING * * *
Unknown command.
Something hits you!
You die...

#.....# #...# #.....#
....# #....## ##...# ..
#.#..# ....# #. ###....#
.. #...# #. #....#.# ##.
#...# #. #.##.#.# ...
#..{###.# #.##.#.#
#.####†@.....###.##.#.#
#...#...#####....#..#.#
##...##### #.##....#.#
#........###.##....#.#
####$..####.#...##....#.#
...$...................#
#.........#.#.#####....#
..##..###.._..# #.....
...... ###.### ####.#


There were no monsters in sight!

Vanquished Creatures
  An adder (D:2)
  A worm (D:2)
  3 dart slugs
  2 giant geckos (D:1)
  2 ball pythons
  7 goblins
  3 hobgoblins (D:2)
  7 bats
  A giant newt (D:1)
  A kobold (D:2)
  3 rats
31 creatures vanquished.

Notes
Turn   | Place    | Note
-------+----------+-------------------------------------------
     0 | D:1      | HenryFlower the Troll Berserker began the quest for the Orb.
     0 | D:1      | Reached XP level 1. HP: 22/22 MP: 0/0
   386 | D:1      | Reached XP level 2. HP: 29/29 MP: 1/1
   934 | D:2      | Reached skill level 4 in Unarmed Combat
  1051 | D:2      | Reached ** piety under Trog
  1088 | D:2      | Reached XP level 3. HP: 29/36 MP: 2/2
  1232 | D:2      | Found an iron altar of Okawaru.
  1506 | D:3      | Found a hazy altar of Hepliaklqana.
  1531 | D:3      | Noticed Sigmund
  1549 | D:3      | Slain by Sigmund

Vault maps used:
D:1:      evilmike_arrival_home_sweet_home
D:2:      first_bread, okawaru_trees_1
D:3:      yredelemnul_altar_generic, lemuel_crystal_altar,
          lemuel_coloured_pillars_altar, uniq_robin, uniq_sigmund

Skill      XL: |  1  2 |
---------------+-------+-----
Unarmed Combat | 4 |  4.6
Fighting       | |  2.4
Dodging        | |  2.4

Action                   || total
-------------------------++-------
Melee: Unarmed           ||    71
       Punch             ||     1
Invok: Berserk           ||     1
  Use: Potion            ||     3
  Eat: Chunk             ||    19
Armor: Animal skin       ||    38
Dodge: Dodged            ||    44
